 Dungeon Crawl Stone Soup version 0.28.0 (webtiles) character file.

Game seed: 18401686257859103060

3 themarg the Caller (level 1, -1/13 HPs)
             Began as a Merfolk Summoner on Feb 17, 2022.
             Slain by a quokka (3 damage)
             ... on level 1 of the Dungeon.
             The game lasted 00:02:10 (182 turns).

themarg the Caller (Merfolk Summoner)                Turns: 182, Time: 00:02:10

Health: -1/13      AC:  2    Str:  8    XL:     1   Next: 50%
Magic:  3/3        EV: 12    Int: 14    God:
Gold:   0          SH:  0    Dex: 14    Spells: 3/4 levels left

rFire   . . .      SeeInvis .   (no weapon)
rCold   . . .      Faith    .   (no shield)
rNeg    . . .      Spirit   .   a - +0 robe
rPois   .          Reflect  .   (no helmet)
rElec   .          Harm     .   (no cloak)
rCorr   .          Rampage  .   (no gloves)
Will    .....                   (no boots)
Stlth   ++........              (no amulet)
HPRegen 0.04/turn               (no ring)
MPRegen 0.08/turn               (no ring)

@: no status effects
A: (nimble swimmer 2), mertail
a: no special abilities


You were on level 1 of the Dungeon.
You visited 1 branch of the dungeon, and saw 1 of its levels.

Inventory:

Armour
 a - a +0 robe (worn)


   Skills:
 + Level 2.8 Dodging
 + Level 2.3 Stealth
 + Level 2.0 Spellcasting
 + Level 4.0 Summonings


You had 3 spell levels left.
You knew the following spells:

 Your Spells              Type           Power      Damage    Failure   Level
a - Summon Small Mammal   Summ           48%        N/A       4%          1

Your spell library contained the following spells:

 Spells                   Type           Power      Damage    Failure   Level
 Call Imp                 Summ           12%        N/A       7%          2
 Call Canine Familiar     Summ           12%        N/A       14%         3
 Summon Guardian Golem    Hex/Summ       7%         N/A       30%         3
 Summon Lightning Spire   Summ/Air       7%         N/A       71%         4


Dungeon Overview and Level Annotations

Branches:
Dungeon (1/15)

Altars:


Innate Abilities, Weirdness & Mutations

((You are very nimble when in or above water. (Stealth+, EV+, Speed+++)))
Your lower body shifts to a powerful aquatic tail in water.


Message History

You hit the hobgoblin but do no damage.
The hobgoblin is moderately wounded.
Your bat hits the hobgoblin but does no damage.
Your bat completely misses the quokka.
The hobgoblin barely misses you.
You barely miss the hobgoblin.
The hobgoblin is moderately wounded.
Your bat barely misses the hobgoblin.
The hobgoblin hits you.
* * * LOW HITPOINT WARNING * * *
The quokka closely misses you.
You swap places.
Your bat hits the hobgoblin but does no damage.
The quokka bites your bat.
You closely miss the hobgoblin.
The hobgoblin is moderately wounded.
Your bat hits the hobgoblin but does no damage.
Your bat hits the hobgoblin.
The quokka bites your bat but does no damage.
The hobgoblin misses your bat.
You hit the hobgoblin but do no damage.
The hobgoblin is heavily wounded.
Your bat hits the hobgoblin. x2; The quokka bites your bat.
Your bat dies!
Your bat's corpse disappears in a puff of smoke!
The hobgoblin hits you.
* * * LOW HITPOINT WARNING * * *
Casting: Summon Small Mammal (safe; 4% risk of failure)
Confirm with . or Enter, or press ? or * to list all spells.
The hobgoblin barely misses you.
Your quokka closely misses the hobgoblin.
Your quokka barely misses the hobgoblin.
Your quokka bites the hobgoblin.
The hobgoblin dies!
Your quokka bites the quokka but does no damage.
The quokka barely misses you.
Your quokka barely misses the quokka.
Your quokka bites the quokka but does no damage.
The quokka bites you.
* * * LOW HITPOINT WARNING * * *
You closely miss the quokka. The quokka bites you.
You die...

... #.. .. #. .#
#.## .# ..#####.###
#.##......#
########..#..)...##
#...rr@............
#.#######........#
#.# ##.......# #.#
#.....$.# #######.#
#..##.### #.......#
##.# .? #.##†####
#.. .# #.##....###
##.# # #....†....#
.#


You could see a quokka (ally target) and a friendly quokka (summoned).

Vanquished Creatures (collateral kills)
  A ball python (D:1)
  A hobgoblin (D:1)
  A kobold (D:1)
3 creatures vanquished.

Notes
Turn   | Place    | Note
-------+----------+-------------------------------------------
     0 | D:1      | themarg the Merfolk Summoner began the quest for the Orb.
     0 | D:1      | Reached XP level 1. HP: 13/13 MP: 3/3
   182 | D:1      | Slain by a quokka

Illustrated notes

Levels and vault maps discovered:
D:1:      dpeg_arrival_erosion, layout_basic,
          chequers_ecumenical_altar_simple_redux

Action                   || total
-------------------------++-------
Melee: Unarmed           ||    13
 Cast: Summon Small Mamm ||    10
Dodge: Dodged            ||     9
